 Dungeon Crawl Stone Soup version 0.25-a0-35-g747a2b3c0c (webtiles) character file.

Game seed: 6716016785231757599, levelgen mode: deterministic

43 Gynju the Firebug (level 3, -1/19 HPs)
             Began as a Deep Elf Fire Elementalist on Oct 19, 2019.
             Slain by a gnoll
             ... wielding a +0 club
              (8 damage)
             ... on level 3 of the Dungeon.
             The game lasted 00:01:20 (1700 turns).

Gynju the Firebug (Deep Elf Fire Elementalist)      Turns: 1700, Time: 00:01:21

Health: -1/19      AC:  3    Str:  5    XL:     3   Next: 37%
Magic:  3/10       EV: 12    Int: 20    God:
Gold:   51         SH:  0    Dex: 15    Spells: 3/9 levels left

rFire    . . .     SeeInvis .   (no weapon)
rCold    . . .     Gourm    .   (no shield)
rNeg     . . .     Faith    .   i - +0 leather armour
rPois    .         Spirit   .   (no helmet)
rElec    .         Reflect  .   (no cloak)
rCorr    .         Harm     .   (no gloves)
MR       .....                  (no boots)
Stlth    ++........             (no amulet)
HPRegen  0.06/turn              (no ring)
MPRegen  0.12/turn              (no ring)

@: no status effects
A: no striking features
a: no special abilities


You were on level 3 of the Dungeon.
You were not hungry.

You visited 1 branch of the dungeon, and saw 3 of its levels.

You collected 51 gold pieces.

Inventory:

Armour
 i - a +0 leather armour (worn)
Scrolls
 a - a scroll of teleportation {unknown}
 b - a scroll of identify {unknown}
 e - a scroll of magic mapping {unknown}
 j - a scroll of enchant weapon {unknown}
Potions
 d - a potion of mutation {unknown}
 g - a potion of brilliance {unknown}
 h - a potion of cancellation {unknown}
Comestibles
 c - 2 rations
 f - 7 chunks of flesh


   Skills:
 + Level 3.1 Dodging
 - Level 2.4 Stealth
 + Level 3.6 Spellcasting
 + Level 2.0 Conjurations
 + Level 3.7 Fire Magic


You had 3 spell levels left.
You knew the following spells:

 Your Spells              Type           Power        Failure   Level  Hunger
a - Flame Tongue          Conj/Fire      ###..        7%          1    None
b - Throw Flame           Conj/Fire      ###...       10%         2    ##.....
c - Conjure Flame         Conj/Fire      ###.....     21%         3    ###....

Your spell library contained the following spells:

 Spells                   Type           Power        Failure   Level  Hunger
 Inner Flame              Hex/Fire       ##......     30%         3    ###....
 Sticky Flame             Conj/Fire      ###.....     54%         4    ####...
 Fireball                 Conj/Fire      ###.......   88%         5    ######.


Dungeon Overview and Level Annotations

Branches:
Dungeon (3/15)

Altars:

Annotations:
D:3 Ijyb


Message History

The gnoll is moderately wounded.
A jackal comes into view.
Casting: Flame Tongue (safe; 7% risk of failure)
Confirm with . or Enter, or press ? or * to list all spells.
Aiming: Flame Tongue (safe; 7% risk of failure)
Press: ? - help, Shift-Dir - straight line, f/p - gnoll
Aim: a gnoll, wielding a +0 club (moderately wounded)
The flame tongue hits the gnoll.
The gnoll is heavily wounded.
The jackal barks!
You hear a bark!
The gnoll hits you but does no damage.
Casting: Flame Tongue (safe; 7% risk of failure)
Confirm with . or Enter, or press ? or * to list all spells.
Aiming: Flame Tongue (safe; 7% risk of failure)
Press: ? - help, Shift-Dir - straight line, f/p - gnoll
Aim: a gnoll, wielding a +0 club (heavily wounded)
The flame tongue hits the gnoll.
The gnoll is almost dead.
The gnoll hits you with a +0 club!
You die...

#.. #.# ######.#
#########.รท.....
#######.........####.#
#.......######### #..
#.###.#### ### #....#
#. #@##.# #. #..hg.# #
#. #h.g### #. ....#.
###. .## . #... ##
#.#. #.#. #.#. #.#.


You could see 2 gnolls and 2 jackals.

Vanquished Creatures
  A gnoll (D:3)
  An ooze (D:3)
  A leopard gecko (D:3)
  3 giant cockroaches
  9 goblins
  2 hobgoblins
  3 jackals (D:3)
  A ball python (D:3)
  A bat (D:1)
  4 rats (D:1)
26 creatures vanquished.

Notes
Turn   | Place    | Note
-------+----------+-------------------------------------------
     0 | D:1      | Gynju the Deep Elf Fire Elementalist began the quest for
                  | the Orb.
     0 | D:1      | Reached XP level 1. HP: 10/10 MP: 6/6
   450 | D:1      | Reached XP level 2. HP: 15/15 MP: 5/8
  1088 | D:2      | You fall into a shaft and drop 1 floor!
  1498 | D:3      | Noticed Ijyb
  1543 | D:3      | Reached XP level 3. HP: 19/19 MP: 6/10
  1547 | D:3      | Learned a level 2 spell: Throw Flame
  1551 | D:3      | Learned a level 3 spell: Conjure Flame
  1700 | D:3      | Slain by a gnoll

Levels and vault maps discovered:
D:1:      dpeg_arrival_three_same_balls, layout_loops_ring,
          nrook_mini_backslash, st_stairs_4, hex_large
D:2:      layout_basic, kiku_gazebo_garden_becter, led_sif_pool, first_ration,
          minmay_tetromino_t4
D:3:      kennysheep_goblin_castle, layout_loops_cross

Skill      XL: |  1  2  3 |
---------------+----------+-----
Dodging        | 3 |  3.1
Conjurations   | 2 |  2.0
Stealth        | |  2.4
Spellcasting   | |  3.6
Fire Magic     | |  3.7

Action                   || total
-------------------------++-------
 Cast: Flame Tongue      ||    51
  Eat: Chunk             ||     2
Armor: Leather armour    ||     3
       Robe              ||     1
Dodge: Dodged            ||    16

Table legend:
 A = Non-vault XP
 B = Vault XP
 C = Vault XP percentage of total XP
 D = Non-vault monster count
 E = Vault monster count
 F = Vault count percentage of total count
                 A         B        C        D         E       F
            +---------+---------+-------+---------+---------+-------
      Total |      42 |      20 |  32.3 |      15 |      11 |  42.3
            +---------+---------+-------+---------+---------+-------
        D:1 |      15 |       4 |  21.1 |      10 |       2 |  16.7
        D:3 |      27 |      16 |  37.2 |       5 |       9 |  64.3
            +---------+---------+-------+---------+---------+-------
